 Dungeon Crawl Stone Soup version 0.27-a0-1147-gb3d8e82157 (webtiles) character file.

Game seed: 7194604160203822794

114 Froggeryz the Insei (level 4, -2/28 HPs)
             Began as an Octopode Transmuter on May 12, 2021.
             Slain by a gnoll
             ... wielding a +0 club
              (3 damage)
             ... on level 3 of the Dungeon.
             The game lasted 00:03:11 (2904 turns).

Froggeryz the Insei (Octopode Transmuter)           Turns: 2904, Time: 00:03:11

Health: -2/28      AC:  1    Str: 10    XL:     4   Next: 97%
Magic:  7/7        EV: 13    Int: 15    God:
Gold:   61         SH:  0    Dex: 12    Spells: 6/7 levels left

rFire    . . .     SeeInvis .     - Unarmed
rCold    . . .     Faith    .   (no shield)
rNeg     . . .     Spirit   .   (helmet currently unavailable)
rPois    .         Reflect  .   (no amulet)
rElec    .         Harm     .   (no ring)
rCorr    .         Rampage  .   (no ring)
Will     .....                  (no ring)
Stlth    ++........             (no ring)
HPRegen  0.09/turn              (no ring)
MPRegen  0.10/turn              (no ring)
                                (no ring)
                                (no ring)

@: appendages, hasted, invisible, very quick
A: tentacle spike 3, almost no armour, amphibious, 8 rings, camouflage 1,
gelatinous body 1, (nimble swimmer 1), tentacles
a: End Transformation


You were on level 3 of the Dungeon.
One of your tentacles had grown a beastly spike.
You visited 1 branch of the dungeon, and saw 3 of its levels.

You collected 61 gold pieces.

Inventory:

Missiles
 d - 19 poisoned darts (quivered)
Jewellery
 b - a ring of poison resistance
Wands
 i - a wand of mindburst (21)
Scrolls
 c - a scroll of enchant armour {unknown}
 f - a scroll of fog {unknown}
 g - a scroll of immolation {unknown}
 h - a scroll of identify {unknown}
 j - a scroll of blinking {unknown}


   Skills:
 - Level 1.0 Fighting
 + Level 3.2 Dodging
 * Level 4.8 Unarmed Combat
 - Level 2.0 Spellcasting
 - Level 2.0 Transmutations


You had 6 spell levels left.
You knew the following spells:

 Your Spells              Type           Power      Damage    Failure   Level
a - Beastly Appendage     Tmut           14%        N/A       10%         1

Your spell library contained the following spells:

 Spells                   Type           Power      Damage    Failure   Level
 Wereblood                Tmut           7%         N/A       14%         2
 Spider Form              Tmut/Pois      2%         N/A       41%         3
 Ice Form                 Ice/Tmut       4%         N/A       82%         4
 Hydra Form               Tmut           3%         N/A       95%         5


Dungeon Overview and Level Annotations

Branches:
Dungeon (3/15)

Altars:
Gozag


Innate Abilities, Weirdness & Mutations

One of your tentacles has grown a beastly spike.
You cannot wear most types of armour.
You are amphibious.
You can wear up to eight rings at the same time.
Your skin changes colour to match your surroundings (Stealth+).
Your rubbery body absorbs attacks. (AC +1, EV +1)
((You are camouflaged near water. (Stealth+)))
You have tentacles for arms and can constrict up to eight enemies at once.


Message History

The worm is moderately wounded.
You constrict the worm. The worm barely misses you.
You bludgeon the worm! You squeeze the worm, but do no damage.
The worm is severely wounded.
You constrict the worm.
You tentacle-slap the worm but do no damage.
You squeeze the worm.
You kill the worm!
No target in view!
A gnoll is nearby!
A gnoll is nearby!
A gnoll is nearby!
Throw: 20 darts (poison)
Press: ? - help, Q - select action, (/) - cycle Shift-Dir - straight line, f - gnoll
Aim: a gnoll, wielding a +0 club and carrying a wand of iceblast (9) (wandering, hasn't noticed you, 60% to hit)
You throw a poisoned dart. The poisoned dart hits the gnoll.
The gnoll shouts!
An adder comes into view.
The gnoll zaps a wand.
The mass of ice explodes!
The iceblast engulfs you!
The adder hisses angrily.
Unknown command.
Casting: Beastly Appendage (safe; 10% risk of failure)
Confirm with . or Enter, or press ? or * to list all spells.
One of your tentacles grows a vicious spike.
A rat comes into view.
A dart slug comes into view.
The gnoll zaps a wand.
The mass of ice explodes!
The iceblast engulfs you!
Ouch! That really hurt!
* * * LOW HITPOINT WARNING * * *
It was a potion of haste.
You feel yourself speed up.
You closely miss the gnoll. You grab the gnoll.
You constrict the gnoll, but do no damage.
The gnoll hits you with a +0 club.
* * * LOW HITPOINT WARNING * * *
It was a potion of magic.
Magic courses through your body.
You constrict the gnoll, but do no damage.
It was a potion of invisibility.
You fade into invisibility!
You constrict the gnoll. The gnoll hits you with a +0 club.
You die...

#########
#.......#######
#.............#
#..####.#####.####
#..## #...........
#..$# #########...
#@..# #.#.
.....Sg...# #.#.
....w#..#.# #.#.
.... ##r#.# #.#.
... ..#.# #... ..
#.#.. .... # ..###
.#.. ..# ...


You could see a gnoll, an adder, a dart slug and a rat.

Vanquished Creatures
  2 gnolls (D:2)
  3 adders (D:2)
  A dart slug (D:2)
  2 worms
  6 ball pythons
  3 endoplasms
  3 giant cockroaches (D:1)
  A goblin (D:2)
  6 hobgoblins
  12 jackals
  A quokka (D:3)
  8 bats
  2 frilled lizards (D:2)
  A kobold (D:2)
  7 rats
58 creatures vanquished.

Notes
Turn   | Place    | Note
-------+----------+-------------------------------------------
     0 | D:1      | Froggeryz the Octopode Transmuter began the quest for the
                  | Orb.
     0 | D:1      | Reached XP level 1. HP: 13/13 MP: 3/3
    46 | D:1      | Reached XP level 2. HP: 9/18 MP: 5/5
   758 | D:1      | Reached XP level 3. HP: 23/23 MP: 6/6
  1153 | D:1      | Reached skill level 4 in Unarmed Combat
  1628 | D:2      | Found a faded altar of an unknown god.
  1634 | D:2      | Reached XP level 4. HP: 22/28 MP: 7/7
  2060 | D:2      | Found an opulent altar of Gozag.
  2902 | D:3      | HP: 1/28 [gnoll/+0 club (2)]
  2904 | D:3      | Slain by a gnoll

Illustrated notes

Levels and vault maps discovered:
D:1:      mrwooster_arrival_statue, layout_basic
D:2:      layout_rooms, hellmonk_ecumenical_altar_pennies_from_heaven,
          basic_altar, minmay_statues_item
D:3:      layout_loops_ring, grunt_decor_cap, uniq_sigmund

Skill      XL: |  1  2  3  4 |
---------------+-------------+-----
Unarmed Combat | 4 |  4.8
Dodging        | 3 |  3.2
Fighting       | |  1.0
Spellcasting   | |  2.0
Transmutations | |  2.0

Action                   |  1- 3 |  4- 6 || total
-------------------------+-------+-------++-------
Melee: Unarmed           |    77 |    45 ||   122
       Constrict         |    20 |    10 ||    30
       Kick              |     8 |     1 ||     9
       Tentacles         |     8 |     7 ||    15
       Punch             |     2 |     3 ||     5
Throw: Dart              |    17 |    12 ||    29
 Cast: Beastly Appendage |     5 |     3 ||     8
  Use: Potion            |       |     3 ||     3
 Stab: Sleeping          |     4 |     2 ||     6
Armor: Skin              |     5 |     4 ||     9
Dodge: Dodged            |    50 |    30 ||    80

Table legend: (Time is in decaauts)
 A = Elapsed time spent in this place.
 B = Non-inter-level travel time spent in this place.
 C = Inter-level travel time spent in this place.
 D = Time resting spent in this place.
 E = Time spent auto-exploring this place.
 F = Levels seen in this place.
 G = Mean time per level.
                   A        B        C        D        E       F      G
               +--------+--------+--------+--------+--------+-----+--------+
         Total |   2894 |   2812 |     82 |    320 |   1972 |   3 |  964.7 |
       Dungeon |   2894 |   2812 |     82 |    320 |   1972 |   3 |  964.7 |
               +--------+--------+--------+--------+--------+-----+--------+

Top non-repeatable levels by time:
     D:1: 1514 daAuts
     D:2: 1174 daAuts
     D:3: 206 daAuts
